 Dungeon Crawl Stone Soup version 0.31-a0-95-g6fa058ef04 (webtiles) character file.

Game seed: 11374936134046859692

118 Jackthecabe the Grave Robber (level 4, -1/30 HPs)
             Began as a Mummy Necromancer on May 25, 2023.
             Slain by Ijyb
             ... wielding a +0 club
              (6 damage)
             ... on level 3 of the Dungeon.
             The game lasted 00:06:48 (3300 turns).

Jackthecabe the Grave Robber (Mummy Necromancer)    Turns: 3300, Time: 00:06:48

Health: -1/30      AC:  6    Str: 11    XL:     4   Next: 72%
Magic:  2/8        EV: 12    Int: 16    God:
Gold:   106        SH:  0    Dex: 12    Spells: 5/9 levels left

rFire   x . .        d - +0 short sword
rCold   + . .        (no shield)
rNeg    + + +        i - +0 robe
rPois   ∞            (no helmet)
rElec   .            r - +0 cloak
rCorr   .            f - +2 pair of gloves
SInv    .            (no boots)
Will    .....        (no amulet)
Stlth   +            (no ring)
HPRegen 0.25/turn    (no ring)
MPRegen 0.11/turn

%: faith
@: confused
A: cold resistance 1, negative energy resistance 3, torment resistance 2, heat
vulnerability 1, in touch with death 1, no potions, faith
a: no special abilities


You were on level 3 of the Dungeon.
You visited 1 branch of the dungeon, and saw 3 of its levels.

You collected 129 gold pieces.
You spent 23 gold pieces at shops.


Innate Abilities, Weirdness & Mutations

You are immune to poison.
Your flesh is cold resistant. (rC+)
You are immune to negative energy. (rN+++)
You are immune to unholy pain and torment.
You are vulnerable to heat. (rF-)
You are in touch with the powers of death.
You do not drink.
You have a special connection with the divine. (Faith)


   Skills:
 - Level 1.5 Dodging
 - Level 1.5 Stealth
 - Level 3.0 Spellcasting
 + Level 6.1 Necromancy


You had 5 spell levels left.
You knew the following spells:

 Your Spells              Type           Power      Damage    Failure   Level
v - Vampiric Draining     Necr           32%        2d8       4%          3
X - Necrotise             Necr           100%       1d9       1%          1

Your spell library contained the following spells:

 Spells                   Type           Power      Damage    Failure   Level
 Animate Dead             Necr           32%        N/A       16%         4
 Agony                    Necr           32%        N/A       38%         5
 Gell's Gravitas          Tloc           2%         N/A       50%         3
 Teleport Other           Tloc           2%         N/A       50%         3
 Dispersal                Tloc           1%         N/A       100%        6

Inventory:

Hand Weapons
 d - a +0 short sword (weapon)
Missiles
 s - 3 poisoned darts
Armour
 f - a +2 pair of gloves (worn)
 g - a +1 pair of gloves of dexterity
 i - a +0 robe (worn)
 r - a +0 cloak (worn)
Magical Staves
 a - a staff of fire {!a}
 j - a staff of earth {!a}
 o - a staff of air {!a}
Scrolls
 b - a scroll of magic mapping {unknown}
 c - 3 scrolls of identify {unknown}
 e - 2 scrolls of teleportation {unknown}
 h - 2 scrolls of enchant weapon {unknown}
 k - a scroll of immolation {unknown}
 l - a scroll of torment {unknown}
 m - a scroll of blinking {unknown}
 n - 6 scrolls of enchant armour {unknown}
 p - a scroll of amnesia {unknown}
 q - a scroll of brand weapon {unknown}

Dungeon Overview and Level Annotations

Branches:
Dungeon (3/15)

Altars:
Fedhas

Shops:
D:3 (

Annotations:
D:3 Ijyb

###.####.########..#####g#....
..............................
###.####.########.######.#....
#.###...##.##...#.#..[.
#................o#...#
####....#####...#.##... #....#
#...#.##... ♣♣...♣
#######.####. ♣.@.♣
#........#... ♣♣g♣♣
#######.##... ♣♣. #.##### ♣♣
#.# # #.# # #)# # #.# #
#....oo.oo# #.###.###oo


You could see Ijyb.


Message History

Magic restored.
HP restored.
There is a stone staircase leading down here.
You climb downwards.
Level annotation: Ijyb
There is a stone staircase leading up here.
Unknown command.
Ijyb is nearby!
You feel a surge of power!
Ijyb writhes in agony.
Ijyb screams, "Me kill you!"
Ijyb zaps a wand.
The bolt of light hits you!
You feel a surge of power!
Ijyb writhes in agony.
Ijyb misses you.
You feel a surge of power!
Ijyb barely resists.
Ijyb hits you with a +0 club.
Casting: Necrotise (safe; 1% risk of failure)
Confirm with . or Enter, or press ? or * to list all spells.
Aiming: Vampiric Draining (dangerous; 4% risk of failure)
Press: ? - help, Shift-Dir - straight line, f/p - Ijyb
Aim: Ijyb, wielding a +0 club, wearing a +3 ring mail of positive energy and carrying a wand of light (9) (lightly wounded)
You feel a surge of power!
You draw life force from Ijyb.
You feel life coursing into your body.
Ijyb zaps a wand.
The bolt of light hits you!!
You are confused.
Ouch! That really hurt!
* * * LOW HITPOINT WARNING * * *
d - a +0 short sword (weapon)
You are too confused!
You hit Ijyb but do no damage.
Ijyb is moderately wounded.
Ijyb hits you with a +0 club.
You die...

Skill      XL: |  1  2  3  4 |
---------------+-------------+-----
Spellcasting   | 3 |  3.0
Necromancy     | 5 6 |  6.1
Dodging        | |  1.5
Stealth        | |  1.5

Action                     |  1- 3 |  4- 6 || total
---------------------------+-------+-------++-------
  Melee: Short sword       |     5 |     1 ||     6
         Unarmed           |     1 |       ||     1
   Cast: Necrotise         |   100 |    26 ||   126
         Vampiric Draining |       |     1 ||     1
 Armour: Robe              |    12 |       ||    12
  Dodge: Dodged            |    13 |     1 ||    14

Levels and vault maps discovered:
D:1:      minmay_arrival_semitransparent, layout_basic, lemuel_flame_loot_1
D:2:      layout_basic, minmay_surrounded
D:3:      layout_basic, old_standard_altar, kiku_gazebo_garden_becter,
          hellmonk_ecumenical_altar_run_dry, serial_shops,
          nicolae_shop_just_a_little_nook, hangedman_decor_push, uniq_jessica,
          uniq_ijyb, uniq_crazy_yiuf_cottage

Notes
Turn   | Place    | Note
-------+----------+-------------------------------------------
     0 | D:1      | Jackthecabe the Mummy Necromancer began the quest for the
                  | Orb.
     0 | D:1      | Reached XP level 1. HP: 13/13 MP: 4/4
   332 | D:1      | Reached skill level 3 in Spellcasting
   384 | D:1      | Reached XP level 2. HP: 19/19 MP: 0/6
  1572 | D:2      | Gained mutation: You are in touch with the powers of death.
                  | [Mummy growth]
  1572 | D:2      | Reached XP level 3. HP: 24/24 MP: 4/7
  1576 | D:2      | Learned a level 3 spell: Vampiric Draining
  1637 | D:2      | Reached skill level 5 in Necromancy
  2373 | D:3      | Found a faded altar of an unknown god.
  2468 | D:3      | Reached XP level 4. HP: 30/30 MP: 3/8
  2600 | D:3      | Noticed Ijyb
  2885 | D:3      | Found a blossoming altar of Fedhas.
  2977 | D:3      | Found Ikivav's Weapon Shoppe.
  3021 | D:3      | Bought 3 poisoned darts for 23 gold pieces
  3190 | D:3      | Reached skill level 6 in Necromancy
  3300 | D:3      | Slain by Ijyb

Vanquished Creatures
  An orc wizard (D:3)
  2 adders
  2 worms
  3 dart slugs
  3 endoplasms
  5 giant cockroaches
  4 hobgoblins
  2 jackals (D:3)
  4 quokkas
  5 ball pythons
  7 bats
  A frilled lizard (D:2)
  5 goblins
  3 kobolds
  5 rats
52 creatures vanquished.

Vanquished Creatures (collateral kills)
  A worm (D:2)
  A dart slug (D:3)
  An orc (D:3)
  An endoplasm (D:1)
4 creatures vanquished.

Vanquished Creatures (others)
  A ball python (D:1)
1 creature vanquished.

Grand Total: 57 creatures vanquished

Table legend: (Time is in decaauts)
 A = Elapsed time spent in this place.
 B = Non-inter-level travel time spent in this place.
 C = Inter-level travel time spent in this place.
 D = Time resting spent in this place.
 E = Time spent auto-exploring this place.
 F = Levels seen in this place.
 G = Mean time per level.
                   A        B        C        D        E       F      G
               +--------+--------+--------+--------+--------+-----+--------+
         Total |   3298 |   3157 |    141 |    365 |   2218 |   3 | 1099.3 |
       Dungeon |   3298 |   3157 |    141 |    365 |   2218 |   3 | 1099.3 |
               +--------+--------+--------+--------+--------+-----+--------+

Top non-repeatable levels by time:
     D:2: 1327 daAuts
     D:1: 1223 daAuts
     D:3: 747 daAuts

Table legend:
 A = Non-vault XP
 B = Vault XP
 C = Vault XP percentage of total XP
 D = Non-vault monster count
 E = Vault monster count
 F = Vault count percentage of total count
                 A         B        C        D         E       F
            +---------+---------+-------+---------+---------+-------
      Total |     156 |      13 |   7.7 |      51 |       5 |   8.9
            +---------+---------+-------+---------+---------+-------
        D:1 |      30 |       0 |   0.0 |      18 |       0 |   0.0
        D:2 |      34 |      13 |  27.7 |      12 |       5 |  29.4
        D:3 |      92 |       0 |   0.0 |      21 |       0 |   0.0
            +---------+---------+-------+---------+---------+-------
